 Dungeon Crawl Stone Soup version 0.30-a0-321-gf7783e6616 (webtiles) character file.

Game seed: 771280916957929923

8 Jorund the Grave Robber (level 2, 19/19 HPs)
             Began as a Demonspawn Necromancer on Oct 27, 2022.
             Quit the game on level 1 of the Dungeon.
             The game lasted 00:00:57 (386 turns).

Jorund the Grave Robber (Demonspawn Necromancer)     Turns: 386, Time: 00:00:57

Health: 19/19      AC:  3    Str:  8    XL:     2   Next: 0%
Magic:  1/5        EV: 12    Int: 16    God:
Gold:   45         SH:  0    Dex: 13    Spells: 4/5 levels left

rFire   . . .      SeeInvis .    e - +0 dagger
rCold   . . .      Faith    .    (no shield)
rNeg    . . .      Spirit   .    a - +0 robe
rPois   .          Reflect  .    (no helmet)
rElec   .          Harm     .    (no cloak)
rCorr   .          Rampage  .    (no gloves)
Will    .....                    f - +0 pair of boots
Stlth   ++........               (no amulet)
HPRegen 0.23/turn                (no ring)
MPRegen 0.09/turn                (no ring)

@: no status effects
A: spiny 1
a: no special abilities


You were on level 1 of the Dungeon.
You visited 1 branch of the dungeon, and saw 1 of its levels.

You collected 45 gold pieces.

Inventory:

Hand Weapons
 e - a +0 dagger (weapon)
Armour
 a - a +0 robe (worn)
 f - a +0 pair of boots (worn)
Scrolls
 c - a scroll of enchant weapon {unknown}
 h - a scroll of identify {unknown}
 j - a scroll of noise {unknown}
Potions
 b - a potion of magic
 d - a potion of might {unknown}
 g - a potion of ambrosia {unknown}
 i - a potion of invisibility {unknown}


   Skills:
 - Level 1.7 Dodging
 - Level 1.7 Stealth
 + Level 2.0 Spellcasting
 + Level 4.9 Necromancy


You had 4 spell levels left.
You knew the following spells:

 Your Spells              Type           Power      Damage    Failure   Level
a - Necrotise             Necr           68%        1d7       2%          1

Your spell library contained the following spells:

 Spells                   Type           Power      Damage    Failure   Level
 Vampiric Draining        Necr           17%        2d7       9%          3
 Animate Dead             Necr           17%        N/A       26%         4
 Agony                    Necr           17%        N/A       58%         5


Dungeon Overview and Level Annotations

Branches:
Dungeon (1/15)

Altars:


Innate Abilities, Weirdness & Mutations

You are partially covered in sharp spines.


Message History

Aim: a bat (chance to affect: 86%)
The bat barely resists.
Casting: Necrotise (safe; 3% risk of failure)
Confirm with . or Enter, or press ? or * to list all spells.
Aiming: Necrotise (safe; 3% risk of failure)
Press: ? - help, Shift-Dir - straight line, f/p - bat
Aim: a bat (chance to affect: 86%)
The bat writhes in agony.
You kill the bat!
The dead are flying!
Your bat skeleton crumbles into dust!
You now have 45 gold pieces (gained 17).
i - a glowing coppery potion
j - a scroll labelled XEEKIBBOMM
Found a stone staircase leading down.
A hobgoblin comes into view.
A hobgoblin is nearby!
Casting: Necrotise (safe; 2% risk of failure)
Confirm with . or Enter, or press ? or * to list all spells.
You can't see any susceptible monsters within range! (Use Z to cast anyway.) Unknown command.
Casting: Necrotise (safe; 2% risk of failure)
Confirm with . or Enter, or press ? or * to list all spells.
Aiming: Necrotise (safe; 2% risk of failure)
Press: ? - help, Shift-Dir - straight line, f - hobgoblin
Aim: a hobgoblin (asleep, chance to affect: 87%)
The hobgoblin shouts!
The hobgoblin writhes in agony.
Casting: Necrotise (safe; 2% risk of failure)
Confirm with . or Enter, or press ? or * to list all spells.
Aiming: Necrotise (safe; 2% risk of failure)
Press: ? - help, Shift-Dir - straight line, f/p - hobgoblin
Aim: a hobgoblin (moderately wounded, chance to affect: 87%)
The hobgoblin writhes in agony!
You kill the hobgoblin!
The dead are walking!
You have reached level 2!
Your demonic ancestry asserts itself...
Sharp spines emerge from parts of your body.
Are you sure you want to abandon this character and quit the game? (Confirm with "yes".)

#.# ##.## ##...##
##.....#####
#..........##
#......##...##
#.#...##.....##
#.##.##.......##
#. #.#.......@Z#
#.......>.........
###.........######
##.......##
##.....## ##...##
...## ####


You could see a friendly hobgoblin skeleton.

Vanquished Creatures
  2 endoplasms (D:1)
  2 hobgoblins (D:1)
  A kobold (D:1)
  A ball python (D:1)
  A bat (D:1)
7 creatures vanquished.

Notes
Turn   | Place    | Note
-------+----------+-------------------------------------------
     0 | D:1      | Jorund the Demonspawn Necromancer began the quest for the
                  | Orb.
     0 | D:1      | Reached XP level 1. HP: 13/13 MP: 3/3
   386 | D:1      | Gained mutation: You are partially covered in sharp spines.
                  | [demonic ancestry]
   386 | D:1      | Reached XP level 2. HP: 19/19 MP: 1/5
   386 | D:1      | Quit the game

Illustrated notes

Levels and vault maps discovered:
D:1:      spicycebolla_arrival_clurvy, layout_loops_ring,
          kennysheep_flooded_box, nicolae_figureground_sparkle

Action                   || total
-------------------------++-------
Melee: Unarmed           ||     3
 Cast: Necrotise         ||    13
Armor: Robe              ||     1
Dodge: Dodged            ||     2

Table legend: (Time is in decaauts)
 A = Elapsed time spent in this place.
 B = Non-inter-level travel time spent in this place.
 C = Inter-level travel time spent in this place.
 D = Time resting spent in this place.
 E = Time spent auto-exploring this place.
 F = Levels seen in this place.
 G = Mean time per level.
                   A        B        C        D        E       F      G
               +--------+--------+--------+--------+--------+-----+--------+
         Total |    385 |    385 |      0 |     14 |    285 |   1 |  385.0 |
       Dungeon |    385 |    385 |      0 |     14 |    285 |   1 |  385.0 |
               +--------+--------+--------+--------+--------+-----+--------+

Top non-repeatable levels by time:
     D:1: 385 daAuts
